 Dungeon Crawl Stone Soup version 0.18.1-8-gdd0e5ea (webtiles) character file.

11422 M4edhros the Brilliant (level 11, -4/83 HPs)
             Began as a Mummy Artificer on June 3, 2016.
             Was a High Priest of Pakellas.
             Slain by a cyclops (21 damage)
             ... on level 11 of the Dungeon.
             The game lasted 00:21:22 (16094 turns).

M4edhros the Brilliant (Mummy Artificer)           Turns: 16094, Time: 00:21:22

Health: -4/83      AC: 22    Str: 16    XL:     11   Next: 49%
Magic:  18/19      EV:  6    Int: 11    God:    Pakellas [*****.]
Gold:   481        SH:  6    Dex: 17    Spells: 0 memorised, 10 levels left

rFire  . . .     SeeInvis .     r - +5 hand axe (chop)
rCold  + . .     Gourm    .     y - +0 plate armour
rNeg   + + +     Faith    +     p - +2 buckler
rPois  ∞         Spirit   .     h - +2 helmet (curse)
rElec  .         Dismiss  .     F - +0 cloak
rCorr  .         Reflect  .     s - +1 pair of gloves
SustAt .         Harm     .     (no boots)
MR     +....                    B - amulet of Zeb Ifi {Faith rN+ Dex+2 Slay+2}
Stlth  ..........               x - +6 ring of protection
                                w - ring of protection from fire

@: somewhat resistant to hostile enchantments, extremely unstealthy
A: no food or potions, fire vulnerability, cold resistance 1, negative energy
resistance 3, torment resistance, unbreathing
a: Quick Charge, Device Surge, Renounce Religion


You were on level 11 of the Dungeon.
You worshipped Pakellas.
Pakellas was extremely pleased with you.
You were not hungry.

You visited 1 branch of the dungeon, and saw 11 of its levels.
You also visited: Sewer and Ossuary.

You collected 481 gold pieces.

Inventory:

Hand Weapons
 a - a +0 short sword
 g - a +0 dagger of venom
 r - a +5 hand axe of chopping (weapon)
 H - a +4 scythe of venom
 L - a +2 hand axe of flaming
Missiles
 i - 7 javelins (quivered)
 u - 5 exploding tomahawks
 G - 4 tomahawks of returning
Armour
 b - a +2 hat
 h - a cursed +2 helmet (worn)
 p - a +2 buckler (worn)
 s - a +1 pair of gloves (worn)
 y - a +0 plate armour (worn)
 F - a +0 cloak (worn)
 U - a troll hide
Rods
 S - a +7 rod of inaccuracy (12/12)
   (Pakellas gifted it to you on level 10 of the Dungeon)
Jewellery
 m - an uncursed ring of protection from cold
 q - a +6 amulet of reflection
 w - a ring of protection from fire (left hand)
 x - a +6 ring of protection (right hand)
 B - the amulet of Zeb Ifi (around neck) {Faith rN+ Dex+2 Slay+2}
   (You found it on level 5 of the Dungeon)

   [amulet of faith]

   It allows you to gain divine favour quickly.
   It affects your dexterity (+2).
   It affects your accuracy and damage with ranged weapons and melee attacks
   (+2).
   It protects you from negative energy.
 C - an uncursed ring of protection from cold
 P - an uncursed amulet of harm
 Q - an uncursed amulet of magic regeneration
 X - an uncursed amulet of guardian spirit
Wands
 c - a wand of flame (20/48)
 d - a wand of enslavement (4/24)
 e - a wand of random effects (13/48)
 f - a wand of iceblast (11/15)
 j - a wand of polymorph (5/24)
 n - a wand of slowing (33/48)
 v - a wand of disintegration (16/24)
 D - a wand of confusion (23/48)
 K - a wand of paralysis (18/24)
 O - a wand of random effects (31/48)
 T - a wand of flame (37/48)
 V - a wand of confusion (33/48)
Scrolls
 k - a scroll of holy word {unknown}
 o - 5 scrolls of remove curse
 t - 3 scrolls of immolation {unknown}
 z - 2 scrolls of fog {unknown}
 A - 3 scrolls of teleportation {unknown}
 E - a scroll of blinking {unknown}
 I - a scroll of fear {unknown}
 M - a scroll of amnesia {unknown}
Potions
 W - a potion of magic
Books
 l - a book of Ice

   Spells                             Type                      Level
   a - Ice Form                       Ice/Transmutation            4
   b - Metabolic Englaciation         Hexes/Ice                    5
   c - Ozocubu's Refrigeration        Ice                          6
   d - Bolt of Cold                   Conjuration/Ice              6
   e - Freezing Cloud                 Conjuration/Ice/Air          6
   f - Simulacrum                     Ice/Necromancy               6
Miscellaneous
 J - a phantom mirror
 N - a lamp of fire


   Skills:
 + Level 6.5 Fighting
 - Level 0.7 Short Blades
 * Level 7.4 Axes
 + Level 5.5 Dodging
 * Level 4.1 Stealth
 - Level 10.7 Evocations


You had 10 spell levels left.
You didn't know any spells.

Dungeon Overview and Level Annotations

Branches:
Dungeon (11/15)            Temple (0/1) D:5            Lair (0/8) D:10
    Orc: D:9-12

Altars:
Ashenzari
Dithmenos
Okawaru
Pakellas
Sif Muna
Trog
Xom

Shops:
D:4 %   D:6 (


Innate Abilities, Weirdness & Mutations

You do not eat or drink.
Your flesh is vulnerable to fire.
You are immune to poison.
Your flesh is cold resistant.
You are immune to negative energy.
You are immune to unholy pain and torment.
You can survive without breathing.


Message History

The cyclops is heavily wounded.
The cyclops hits you!!
You hit the cyclops but do no damage.
The cyclops is heavily wounded.
Your plate armour prevents you from hitting the cyclops.
The cyclops is heavily wounded.
The cyclops hits you!
* * * LOW HITPOINT WARNING * * *
You slash the cyclops!
The cyclops is severely wounded.
The cyclops hits you!
* * * LOW HITPOINT WARNING * * *
You hit the cyclops.
The cyclops is almost dead.
You catch the helpless cyclops completely off-guard!
You hit the cyclops.
The cyclops is almost dead.
The cyclops hits you!!
You die...
Pakellas says: That's one more possible approach eliminated.

###.......(.}.....#
#.........≈(......#
#........≈≈≈()....#
...........≈.†.)..#
#............(....#
###....C.........$#
≈ #....##.....!#'##
#≈ #.#.##......#C#
≈≈≈ .
##......#@##### #
≈# #............# ≈
## #####...####.#
###.# #.# ... ###
... ... ....


You could see a cyclops (confused).

Vanquished Creatures
  An ogre mage (D:10)
  An unseen horror (D:11)
  3 hill giants (D:10)
  A gargoyle (D:10)
  2 trolls (D:10)
  Grinder (D:3)
  A two-headed ogre (D:10)
  Prince Ribbit (D:6)
  A wolf (D:8)
  Sigmund (D:3)
  A wraith (Ossuary)
  A wyvern (D:10)
  A hungry ghost (D:9)
  An ice beast (D:6)
  4 sky beasts
  3 necrophages
  6 orc warriors
  7 ogres
  2 black bears
  A phantom (D:7)
  6 centaurs
  A crocodile (D:10)
  A big kobold (D:10)
  8 giant frogs
  13 orc priests
  2 scorpions
  14 killer bees
  A giant frog zombie (D:7)
  3 howler monkeys (D:10)
  7 crimson imps
  A centaur zombie (D:10)
  A quasit (D:9)
  A giant frog skeleton (D:9)
  5 hounds
  5 jellies
  2 centaur skeletons
  13 orc wizards
  Terence (D:3)
  2 iguanas
  11 worker ants
  2 hound zombies
  A hound skeleton (D:5)
  A mummy (Ossuary)
  A worker ant zombie (D:9)
  16 adders
  12 gnolls
  2 river rats
  A shadow imp (D:9)
  4 oozes
  An adder zombie (D:5)
  2 adder skeletons
  5 worms
  A dart slug (D:2)
  8 giant geckos
  47 orcs
  9 ball pythons
  9 bats
  14 giant cockroaches
  14 hobgoblins
  22 jackals
  4 quokkas
  9 giant newts
  5 gnoll skeletons (Ossuary)
  9 goblins
  10 kobolds
  8 kobold skeletons (Ossuary)
  11 orc skeletons (Ossuary)
  2 quokka skeletons (D:4)
  14 rats
382 creatures vanquished.

Vanquished Creatures (collateral kills)
  Grum (D:8)
  5 ogres
  A wolf (D:8)
  A centaur (D:10)
  An orc wizard (D:4)
  An orc priest (D:4)
  A river rat (D:5)
  A giant gecko (D:1)
  3 orcs
  2 giant cockroaches
  A rat (D:5)
18 creatures vanquished.

Vanquished Creatures (others)
  29 fungi (D:10)
  6 plants
35 creatures vanquished.

Grand Total: 435 creatures vanquished

Notes
Turn   | Place    | Note
--------------------------------------------------------------
     0 | D:1      | M4edhros the Mummy Artificer began the quest for the Orb.
     0 | D:1      | Reached XP level 1. HP: 15/15 MP: 2/2
     1 | D:1      | Found a runed door.
     2 | D:1      | Noticed a jelly
    95 | D:1      | Reached XP level 2. HP: 13/21 MP: 4/4
   210 | D:1      | Reached skill level 3 in Evocations
   802 | D:1      | HP: 1/21 [giant gecko (4)]
   906 | D:1      | Reached XP level 3. HP: 10/26 MP: 5/5
  1715 | D:3      | Noticed Terence
  1726 | D:3      | Killed Terence
  1726 | D:3      | Reached skill level 4 in Evocations
  1726 | D:3      | Reached XP level 4. HP: 31/32 MP: 5/7
  1743 | D:3      | Noticed Grinder
  1844 | D:4      | Found Biedoy's Food Emporium.
  2025 | D:4      | Reached XP level 5. HP: 19/37 MP: 8/8
  2055 | D:4      | Reached skill level 5 in Evocations
  3376 | D:4      | Reached XP level 6. HP: 16/43 MP: 10/10
  3572 | D:5      | Entered Level 5 of the Dungeon
  3573 | D:5      | Noticed a sky beast
  3592 | D:5      | Killed a sky beast
  3592 | D:5      | Reached skill level 6 in Evocations
  3596 | D:5      | HP: 2/43 [river rat (3)]
  3882 | D:5      | Found a glowing drain.
  3911 | Sewer    | Entered a sewer
  4521 | Sewer    | Reached XP level 7. HP: 8/48 MP: 10/12
  4522 | Sewer    | HP: 2/48 [giant frog (1)]
  5064 | D:6      | Reached skill level 7 in Evocations
  5462 | D:6      | Found Wiyvvopn's Weapon Shoppe.
  5656 | D:6      | Reached skill level 8 in Evocations
  5680 | D:6      | Reached XP level 8. HP: 21/54 MP: 14/14
  6282 | D:6      | Reached skill level 9 in Evocations
  6872 | D:6      | Noticed Prince Ribbit
  6900 | D:6      | Killed Prince Ribbit
  7097 | D:6      | Reached skill level 10 in Evocations
  7523 | D:7      | Reached XP level 9. HP: 27/59 MP: 16/16
  7731 | D:7      | Found a sand-covered staircase.
  7738 | Ossuary  | Entered an ossuary
  8556 | D:7      | Found an oddly glowing altar of Pakellas.
  8599 | D:7      | Became a worshipper of Pakellas the Inventive
  8941 | D:5      | Found a staircase to the Ecumenical Temple.
  8981 | D:5      | Got a steaming jade amulet
  9181 | D:5      | Identified the amulet of Zeb Ifi {Faith rN+ Dex+2 Slay+2} (You found it on level 5 of the Dungeon)
  9227 | D:3      | Paralysed by Grinder for 2 turns
  9230 | D:3      | Reached * piety under Pakellas
  9230 | D:3      | Received a gift from Pakellas
  9239 | D:3      | Reached skill level 1 in Axes
  9244 | D:3      | Killed Grinder
  9473 | D:3      | Noticed Sigmund
  9482 | D:3      | Killed Sigmund
  9586 | D:3      | Reached ** piety under Pakellas
  9586 | D:3      | Received a gift from Pakellas
  9605 | D:3      | Found a bloodstained altar of Trog.
 10479 | D:2      | Reached *** piety under Pakellas
 10479 | D:2      | Received a gift from Pakellas
 11375 | D:8      | Noticed Grum
 11397 | D:8      | Killed Grum
 11397 | D:8      | Reached **** piety under Pakellas
 11397 | D:8      | Received a gift from Pakellas
 11397 | D:8      | Reached XP level 10. HP: 42/71 MP: 8/18
 12157 | D:8      | Found an iron altar of Okawaru.
 12213 | D:8      | Found a deep blue altar of Sif Muna.
 12324 | D:8      | Found a shattered altar of Ashenzari.
 12324 | D:8      | Found a shadowy altar of Dithmenos.
 12618 | D:9      | Reached skill level 5 in Axes
 13224 | D:9      | Reached skill level 5 in Fighting
 13678 | D:10     | Entered Level 10 of the Dungeon
 13715 | D:10     | Reached ***** piety under Pakellas
 13715 | D:10     | Received a gift from Pakellas
 13736 | D:10     | Noticed a hill giant
 13741 | D:10     | Noticed an ogre mage
 13756 | D:10     | Killed an ogre mage
 13756 | D:10     | Reached skill level 1 in Stealth
 13759 | D:10     | Killed a hill giant
 13847 | D:10     | Reached skill level 5 in Dodging
 13847 | D:10     | Reached XP level 11. HP: 5/81 MP: 15/19
 14099 | D:10     | Noticed a hill giant
 14139 | D:10     | Killed a hill giant
 14362 | D:10     | Found a staircase to the Lair.
 14594 | D:10     | Noticed a hill giant
 14627 | D:10     | Killed a hill giant
 14754 | D:10     | Found a shimmering altar of Xom.
 15871 | D:11     | Killed an unseen horror
 16000 | D:11     | Noticed a red ugly thing
 16094 | D:11     | Slain by a cyclops

Skill      XL: |  1  2  3  4  5  6  7  8  9 10 11 |
---------------+----------------------------------+-----
Evocations     | 3 4 5 6 8 10 | 10.7
Dodging        | 3 5 |  5.5
Fighting       | 3 5 6 |  6.5
Axes           | 3 6 7 |  7.4
Stealth        | 2 4 |  4.1
Short Blades   | |  0.7

Action                   |  1- 3 |  4- 6 |  7- 9 | 10-12 || total
-------------------------+-------+-------+-------+-------++-------
Melee: Short sword       |   103 |       |       |       ||   103
       Dagger            |    34 |   242 |   140 |       ||   416
       Hand axe          |       |       |   504 |   494 ||   998
Invok: Quick Charge      |       |       |     2 |     4 ||     6
Evoke: Wand              |     3 |    17 |     8 |    36 ||    64
       Lamp of fire      |       |       |       |     1 ||     1
  Use: Scroll            |     3 |     1 |     5 |     8 ||    17
 Stab: Sleeping          |       |     3 |       |       ||     3
       Confused          |       |       |       |    20 ||    20
Armor: Leather armour    |    40 |   107 |    68 |       ||   215
       Plate armour      |       |       |   517 |   367 ||   884
Dodge: Dodged            |    80 |   228 |   217 |   109 ||   634
Block: Other             |       |       |     6 |       ||     6
       Buckler           |       |       |       |    99 ||    99
